 Dungeon Crawl Stone Soup version 0.29.1-12-g30fa7ad0bf (webtiles) character file.

Game seed: 8415207470425127204

543 112233 the Gusty (level 7, -5/36 HPs)
             Began as a Tengu Air Elementalist on Dec 18, 2022.
             Slain by an ice beast (12 damage)
             ... on level 4 of the Dungeon.
             The game lasted 00:03:20 (4405 turns).

112233 the Gusty (Tengu Air Elementalist)           Turns: 4405, Time: 00:03:20

Health: -5/36      AC:  3    Str:  8    XL:     7   Next: 27%
Magic:  9/13       EV: 16    Int: 18    God:
Gold:   52         SH:  0    Dex: 14    Spells: 7/13 levels left

rFire   . . .      SeeInvis .   e - +0 short sword
rCold   . . .      Faith    .   (no shield)
rNeg    . . .      Spirit   .   a - +0 robe
rPois   .          Reflect  .   (helmet restricted)
rElec   .          Harm     .   (no cloak)
rCorr   .          Rampage  .   B - +0 pair of gloves
Will    .....                   (boots unavailable)
Stlth   +++.......              (no amulet)
HPRegen 0.12/turn               (no ring)
MPRegen 0.13/turn               (no ring)

@: flying quickly and evasively, quick
A: beak, talons 3, nimble flight
a: no special abilities


You were on level 4 of the Dungeon.
You visited 1 branch of the dungeon, and saw 5 of its levels.

You collected 223 gold pieces.
You spent 171 gold pieces at shops.

Inventory:

Hand Weapons
 e - a +0 short sword (weapon)
Missiles
 t - 3 atropa-tipped darts
Armour
 a - a +0 robe (worn)
 B - a +0 pair of gloves (worn)
Magical Staves
 p - a staff of fire
Jewellery
 n - a +6 ring of dexterity
 r - a ring of protection from cold
 y - an amulet of regeneration
Scrolls
 c - 5 scrolls of teleportation
 d - a scroll of torment {unknown}
 f - a scroll of butterflies {unknown}
 g - 3 scrolls of vulnerability
 k - 3 scrolls of identify
 m - a scroll of enchant armour {unknown}
 o - 2 scrolls of blinking
 s - a scroll of fear {unknown}
 v - 2 scrolls of magic mapping {unknown}
 z - a scroll of poison {unknown}
 E - a scroll of brand weapon {unknown}
 F - a scroll of noise {unknown}
Potions
 b - 2 potions of magic
 h - 3 potions of mutation {unknown}
 i - 2 potions of degeneration {unknown}
 j - a potion of heal wounds {unknown}
 l - a potion of resistance {unknown}
 q - 2 potions of lignification {unknown}
 u - a potion of ambrosia {unknown}
 w - 2 potions of haste {unknown}
 x - a potion of cancellation {unknown}
 A - a potion of brilliance {unknown}
 C - 2 potions of invisibility {unknown}
 D - a potion of curing {unknown}


   Skills:
 + Level 4.2 Dodging
 + Level 4.0 Stealth
 + Level 3.5 Spellcasting
 + Level 4.4 Conjurations
 + Level 6.0 Air Magic


You had 7 spell levels left.
You knew the following spells:

 Your Spells              Type           Power      Damage    Failure   Level
a - Shock                 Conj/Air       84%        1d8       1%          1
b - Static Discharge      Conj/Air       21%        3-6/arc   2%          2
c - Swiftness             Air            24%        N/A       4%          3

Your spell library contained the following spells:

 Spells                   Type           Power      Damage    Failure   Level
 Airstrike                Air            12%        2d(2-18)  13%         4
 Freeze                   Ice            12%        1d4       16%         1
 Blink                    Tloc           6%         N/A       24%         2
 Ensorcelled Hibernation  Hex/Ice        6%         N/A       24%         2
 Passwall                 Tmut/Erth      2%         N/A       24%         2
 Frozen Ramparts          Ice            6%         1d1       43%         3
 Hailstorm                Conj/Ice       11%        3d5       52%         4
 Manifold Assault         Tloc           3%         N/A       99%         5
 Storm Form               Tmut/Air       6%         N/A       100%        7


Dungeon Overview and Level Annotations

Branches:
Dungeon (5/15)
 Temple: D:4-7

Altars:
Uskayaw

Shops:
D:4 (=??:


Innate Abilities, Weirdness & Mutations

You have a beak for a mouth.
You have claws for feet.
Your magical nature lets you fly swiftly and evasively.


Message History

Confirm with . or Enter, or press ? or * to list all spells.
Aiming: Shock (safe; 1% risk of failure)
Press: ? - help, Shift-Dir - straight line The zap hits the scorpion.
The scorpion is moderately wounded.
The zap hits the scorpion.
The scorpion is heavily wounded.
The ice beast completely misses you. The scorpion completely misses you.
The ice beast hits you but does no damage.
You fly upwards.
There is a stone staircase leading down here.
Unknown command.
Casting: Shock (safe; 1% risk of failure)
Confirm with . or Enter, or press ? or * to list all spells.
The scorpion is struck by an arc of lightning.
The scorpion is almost dead.
You are struck by an arc of lightning.
The lightning grounds out.
The ice beast is struck by an arc of lightning.
The ice beast is lightly wounded.
You are struck by an arc of lightning.
The scorpion is struck by an arc of lightning!
You kill the scorpion!
You are struck by an arc of lightning.
The lightning grounds out.
The ice beast hits you. The ice beast freezes you.
Your Stealth skill increases to level 4!
Your Air Magic skill increases to level 6!
The ice beast hits you. The ice beast freezes you!
Unknown command.
Casting: Static Discharge (safe; 2% risk of failure)
Confirm with . or Enter, or press ? or * to list all spells.
The ice beast is struck by an arc of lightning.
The ice beast is moderately wounded.
You are struck by an arc of lightning.
* * * LOW HITPOINT WARNING * * *
The lightning grounds out.
The ice beast completely misses you. The ice beast hits you.
* * * LOW HITPOINT WARNING * * *
The ice beast freezes you!
You die...

########## #........#
#........# #......@Y#
##........# #.........#
#'#.......#
#########∩#.......#
##.##...###.......##########
.........####'##...........#
.........#.....#...........#
.........#.....+...........#


You could see an ice beast.

Vanquished Creatures
  A phantom (D:4)
  A necrophage (D:4)
  2 scorpions (D:4)
  A jelly (D:4)
  2 hounds (D:4)
  An orc priest (D:4)
  An orc wizard (D:4)
  4 gnolls (D:3)
  4 adders
  A worm (D:3)
  2 dart slugs
  2 orcs (D:4)
  8 ball pythons
  4 bats
  9 endoplasms
  3 giant cockroaches
  4 goblins
  4 hobgoblins
  2 jackals (D:1)
  8 kobolds
  A quokka (D:4)
  3 frilled lizards
  7 rats
75 creatures vanquished.

Notes
Turn   | Place    | Note
-------+----------+-------------------------------------------
     0 | D:1      | 112233 the Tengu Air Elementalist began the quest for the
                  | Orb.
     0 | D:1      | Reached XP level 1. HP: 10/10 MP: 4/4
   288 | D:1      | Reached XP level 2. HP: 8/15 MP: 0/6
  1041 | D:1      | Found a faded altar of an unknown god.
  1091 | D:1      | Reached XP level 3. HP: 19/19 MP: 5/7
  1411 | D:1      | Learned a level 2 spell: Static Discharge
  1415 | D:1      | Learned a level 3 spell: Swiftness
  2157 | D:3      | Reached XP level 4. HP: 21/24 MP: 4/8
  2896 | D:4      | Reached skill level 5 in Air Magic
  2896 | D:4      | Gained mutation: Your magical nature lets you fly swiftly
                  | and evasively. [Tengu growth]
  2896 | D:4      | Reached XP level 5. HP: 28/28 MP: 1/10
  3062 | D:4      | Found Daoshrom's Magic Scroll Emporium.
  3065 | D:4      | Bought a scroll of identify for 24 gold pieces
  3089 | D:4      | Found a hide-covered altar of Uskayaw.
  3303 | D:4      | Found Hixoso's Antique Weapon Boutique.
  3328 | D:4      | Reached XP level 6. HP: 26/32 MP: 4/11
  3652 | D:4      | Found Qyotoa's Jewellery Shoppe.
  3829 | D:4      | Found Foyw's Book Shoppe.
  3988 | D:4      | Reached XP level 7. HP: 36/36 MP: 7/13
  4307 | D:4      | Found Dots's Magic Scroll Shop.
  4316 | D:4      | Bought a scroll of teleportation for 42 gold pieces
  4316 | D:4      | Bought a scroll of blinking for 105 gold pieces
  4398 | D:5      | Entered Level 5 of the Dungeon
  4403 | D:4      | Reached skill level 6 in Air Magic
  4405 | D:4      | Slain by an ice beast

Illustrated notes

Levels and vault maps discovered:
D:1:      kilobyte_arrival_exit_the_forest, layout_basic,
          ebering_ecumenical_altar_petrified
D:2:      layout_rooms
D:3:      layout_rooms, minivault_25, lemuel_flame_loot_1
D:4:      layout_gridville, nicolae_uskayaw_murder_on_the_dancefloor,
          serial_shops, nicolae_shop_hallway_plus, shop,
          nicolae_shop_competitors_out_of_business, shop, kennysheep_mini,
          small_statue_intersection, grunt_decor_cap
D:5:      layout_basic, makhleb_grotto_becter, portal_sewer_entry_f,
          guppyfry_shop_venom

Skill      XL: |  1  2  3  4  5  6  7 |
---------------+----------------------+-----
Conjurations   | 2 3 4 |  4.4
Dodging        | 3 4 |  4.2
Stealth        | 3 4 |  4.0
Air Magic      | 5 6 |  6.0
Spellcasting   | 3 |  3.5

Action                   |  1- 3 |  4- 6 |  7- 9 || total
-------------------------+-------+-------+-------++-------
Melee: Unarmed           |     2 |       |       ||     2
       Kick              |     3 |     1 |       ||     4
       Peck              |     1 |       |       ||     1
       Short sword       |     2 |     3 |     3 ||     8
 Cast: Shock             |    82 |    84 |    10 ||   176
       Static Discharge  |     2 |     8 |     3 ||    13
  Use: Scroll            |       |       |     1 ||     1
Armor: Robe              |     5 |     2 |     1 ||     8
Dodge: Dodged            |     7 |    17 |     5 ||    29
